 Dungeon Crawl Stone Soup version 0.19.0-2-gae57169 (webtiles) character file.

1719 IcyTea the Slicer (level 9, -6/47 HPs)
             Began as a Kobold Enchanter on Nov 5, 2016.
             Mangled by Prince Ribbit (15 damage)
             ... on level 5 of the Dungeon.
             The game lasted 00:32:17 (5221 turns).

IcyTea the Slicer (Kobold Enchanter)                Turns: 5221, Time: 00:32:18

Health: -6/47      AC:  7    Str:  5    XL:     9   Next: 24%
Magic:  12/13      EV: 16    Int: 19    God:
Gold:   183        SH:  0    Dex: 16    Spells: 4 memorised, 6 levels left

rFire  x . .     SeeInvis .     n - +1 rapier (elec)
rCold  + + .     Gourm    .     G - +0 leather armour {rC+}
rNeg   + . .     Faith    .     (shield restricted)
rPois  +         Spirit   .     o - +2 helmet
rElec  .         Reflect  .     t - +0 cloak
rCorr  .         Harm     .     (no gloves)
MR     +....                    (no boots)
Stlth  +++.......               (no amulet)
                                a - ring "Miusy" {rPois rN+ MR+ Slay+2}
                                g - ring of ice

@: no status effects
A: carnivore 3, mutation resistance 1
a: no special abilities


You were on level 5 of the Dungeon.
You were very full.

You visited 1 branch of the dungeon, and saw 5 of its levels.

You collected 293 gold pieces.
You spent 110 gold pieces at shops.

Inventory:

Hand Weapons
 n - a +1 rapier of electrocution (weapon)
Missiles
 x - 3 throwing nets (quivered)
 D - 4 tomahawks
Armour
 o - a +2 helmet (worn)
 t - a +0 cloak (worn)
 G - a +0 leather armour of cold resistance (worn)
Jewellery
 a - the ring "Miusy" (right hand) {rPois rN+ MR+ Slay+2}
   (You found it on level 4 of the Dungeon)

   [ring of protection from magic]

   It affects your accuracy and damage with ranged weapons and melee attacks
   (+2).
   It protects you from poison.
   It protects you from negative energy.
   It affects your resistance to hostile enchantments.
 g - a ring of ice (left hand)
 v - an uncursed ring of protection from cold
 C - an uncursed ring of positive energy
Wands
 p - a wand of acid (11/15)
 r - a wand of disintegration (5/24)
 s - a wand of flame (23/48)
 w - a wand of enslavement (20/24)
 B - a wand of teleportation (6/9)
 H - a wand of polymorph (7/24)
Scrolls
 b - a scroll of amnesia
 j - 6 scrolls of identify
 m - 3 scrolls of magic mapping
 q - 4 scrolls of remove curse
 z - 2 scrolls of teleportation
 E - a scroll of recharging
Potions
 e - a potion of invisibility
 h - a potion of mutation
 k - 5 potions of curing
 l - a potion of magic
 u - a potion of berserk rage
 A - a potion of haste
Books
 c - a book of Maledictions

   Spells                             Type                      Level
   a - Corona                         Hexes                        1
   b - Ensorcelled Hibernation        Hexes/Ice                    2
   c - Confuse                        Hexes                        3
   d - Tukima's Dance                 Hexes                        3
   e - Dazzling Spray                 Conjuration/Hexes            3
 y - a book of Frost

   Spells                             Type                      Level
   a - Freeze                         Ice                          1
   b - Throw Frost                    Conjuration/Ice              2
   c - Ozocubu's Armour               Charms/Ice                   3
   d - Throw Icicle                   Conjuration/Ice              4
   e - Summon Ice Beast               Ice/Summoning                4
Comestibles
 d - 3 meat rations
 f - 2 beef jerkies
 i - a slice of pizza


   Skills:
 - Level 1.3 Fighting
 - Level 9.2 Short Blades
 + Level 4.0 Armour
 - Level 4.2 Dodging
 - Level 5.4 Stealth
 - Level 3.0 Spellcasting
 - Level 1.0 Conjurations
 - Level 5.0 Hexes
 - Level 2.8 Ice Magic


You had 6 spell levels left.
You knew the following spells:

 Your Spells              Type           Power        Failure   Level  Hunger
a - Corona                Hex            ###....      3%          1    None
b - Ensorcelled Hibernat  Hex/Ice        ####..       10%         2    ##.....
c - Confuse               Hex            ###.....     12%         3    ###....
d - Throw Frost           Conj/Ice       ###...       17%         2    ##.....


Dungeon Overview and Level Annotations

Branches:
Dungeon (5/15)
 Temple: D:4-7

Altars:
Dithmenos
Elyvilon
Gozag
Qazlal
Ru
Xom
Yredelemnul

Shops:
D:5 =[*

Annotations:
D:5 Prince Ribbit


Innate Abilities, Weirdness & Mutations

You are small and have problems with some larger weapons.
You are carnivorous and can eat meat at any time.
You are somewhat resistant to further mutation.


Message History

You feel a surge of power!
Prince Ribbit looks drowsy...
Things that are here:
a scroll of immolation; a hound corpse A bullfrog skeleton comes into view.
Prince Ribbit hits you!!
Casting: Ensorcelled Hibernation
Confirm with . or Enter, or press ? or * to list all spells.
Aiming: Confuse
Press: ? - help, Shift-Dir - straight line, f/p - Prince Ribbit
Aim: Prince Ribbit (chance to defeat MR: 34%)
Okay, then.
Prince Ribbit hits you.
Things that are here:
a scroll of immolation; a hound corpse Prince Ribbit croaks regally.
Prince Ribbit closely misses you. Prince Ribbit hits you!!
* * * LOW HITPOINT WARNING * * *
You feel better. Prince Ribbit hits you!
You die...

#.....#.# ..._....##
......# #.....#..#
#..... #ยง....#..#
##......#
###.###..##... ....#
#...###...... ....##
##..##.....# #....#
#........# #...# #
##........### #@..#.#
............####F...#
............?.#Z...###
##.......####...$....#
........## ###.##.###
......### ..# .#
......# #.## ##
....... .. #...## #.#


You could see Prince Ribbit and a bullfrog skeleton.

Vanquished Creatures
  Eustachio (D:4)
  Menkaure (D:5)
  Edmund (D:5)
  The ghost of SaintRoka the Charlatan, an amateur HEAr (D:4)
  Duvessa (D:5)
  A sky beast (D:3)
  3 ogres
  Blork the orc (D:4)
  Dowan (D:5)
  2 howler monkeys
  3 crimson imps (D:5)
  A bullfrog skeleton (D:5)
  2 hounds
  An orc wizard (D:3)
  Crazy Yiuf (D:4)
  Ijyb (D:2)
  2 worker ants
  A hound zombie (D:5)
  Robin (D:3)
  3 gnolls (D:4)
  6 adders
  3 shadow imps
  An ooze (D:4)
  An adder zombie (D:3)
  2 adder skeletons
  2 worms (D:3)
  4 dart slugs
  5 leopard geckos
  12 orcs
  2 ball pythons
  3 giant cockroaches
  15 goblins
  9 hobgoblins
  12 jackals
  2 quokkas
  6 bats
  8 frilled lizards
  6 kobolds
  6 rats
  A spectral orc (D:2)
  A fungus (D:4)
136 creatures vanquished.

Vanquished Creatures (others)
  A jackal (D:5)
1 creature vanquished.

Grand Total: 137 creatures vanquished

Notes
Turn   | Place    | Note
-------+----------+-------------------------------------------
     0 | D:1      | IcyTea the Kobold Enchanter began the quest for the Orb.
     0 | D:1      | Reached XP level 1. HP: 10/10 MP: 3/3
    99 | D:1      | Reached skill level 2 in Short Blades
   144 | D:1      | Reached XP level 2. HP: 7/15 MP: 1/5
   167 | D:1      | Learned a level 2 spell: Ensorcelled Hibernation
   368 | D:1      | Reached skill level 3 in Short Blades
   741 | D:1      | Reached XP level 3. HP: 19/19 MP: 6/6
   862 | D:1      | Reached skill level 4 in Short Blades
  1108 | D:2      | Found a white marble altar of Elyvilon.
  1203 | D:2      | Reached XP level 4. HP: 24/24 MP: 1/7
  1208 | D:2      | Learned a level 3 spell: Confuse
  1403 | D:2      | Noticed Ijyb
  1411 | D:2      | Killed Ijyb
  1411 | D:2      | Reached skill level 5 in Short Blades
  1759 | D:2      | Reached skill level 1 in Ice Magic
  1876 | D:2      | Found a basalt altar of Yredelemnul.
  1981 | D:3      | Reached XP level 5. HP: 28/28 MP: 8/8
  2072 | D:3      | Noticed a sky beast
  2151 | D:4      | Noticed SaintRoka's ghost (amateur HEAr)
  2173 | D:4      | Found an opulent altar of Gozag.
  2219 | D:4      | Reached skill level 6 in Short Blades
  2314 | D:4      | Noticed an ogre
  2462 | D:4      | Killed SaintRoka's ghost
  2462 | D:4      | Reached skill level 7 in Short Blades
  2462 | D:4      | Reached XP level 6. HP: 27/32 MP: 5/9
  2630 | D:4      | Found a shadowy altar of Dithmenos.
  2630 | D:4      | Noticed Eustachio
  2632 | D:4      | Killed Eustachio
  2632 | D:4      | Reached skill level 8 in Short Blades
  2632 | D:4      | Reached XP level 7. HP: 36/36 MP: 10/10
  2807 | D:4      | Noticed Blork the orc
  2817 | D:4      | Killed Blork the orc
  2817 | D:4      | Reached skill level 9 in Short Blades
  2863 | D:4      | Got a bound platinum ring
  2865 | D:4      | Identified the ring "Miusy" {rPois rN+ MR+ Slay+2} (You found it on level 4 of the Dungeon)
  3070 | D:4      | Found a sacrificial altar of Ru.
  3077 | D:4      | Learned a level 2 spell: Throw Frost
  3239 | D:4      | Reached skill level 5 in Hexes
  3239 | D:4      | Reached XP level 8. HP: 38/41 MP: 9/11
  3268 | D:4      | Found a runed door.
  3272 | D:4      | Noticed Crazy Yiuf
  3274 | D:4      | Killed Crazy Yiuf
  3472 | D:5      | Entered Level 5 of the Dungeon
  3719 | D:3      | Noticed Robin
  3784 | D:3      | Killed Robin
  3784 | D:3      | Reached skill level 1 in Conjurations
  4307 | D:5      | Reached skill level 1 in Fighting
  4590 | D:5      | Noticed Menkaure
  4601 | D:5      | Killed Menkaure
  4601 | D:5      | Reached skill level 5 in Stealth
  4627 | D:5      | Found Uhofuz's Jewellery Emporium.
  4724 | D:5      | Found Oram's General Store.
  4732 | D:5      | Found Zumawk's Antique Armour Emporium.
  4748 | D:5      | Found a stormy altar of Qazlal.
  4752 | D:5      | Found a shimmering altar of Xom.
  4755 | D:5      | Bought a +0 leather armour of cold resistance for 90 gold pieces
  4755 | D:5      | Bought a scroll of identify for 20 gold pieces
  4773 | D:5      | Found a shimmering altar of Xom.
  4775 | D:5      | Found a shimmering altar of Xom.
  4788 | D:5      | Found a shimmering altar of Xom.
  4788 | D:5      | Found a shimmering altar of Xom.
  4788 | D:5      | Found a shimmering altar of Xom.
  4795 | D:5      | Found a shimmering altar of Xom.
  4824 | D:5      | Reached skill level 1 in Armour
  4882 | D:5      | Noticed Duvessa
  4884 | D:5      | Noticed Dowan
  4887 | D:5      | Gained mutation: You are somewhat resistant to further mutation. [potion of mutation]
  4895 | D:5      | Killed Duvessa
  4895 | D:5      | Reached XP level 9. HP: 47/47 MP: 13/13
  4898 | D:5      | Killed Dowan
  5003 | D:5      | Noticed Edmund
  5011 | D:5      | Killed Edmund
  5162 | D:5      | Noticed Prince Ribbit
  5220 | D:5      | HP: 1/47 [Prince Ribbit (18)]
  5221 | D:5      | Mangled by Prince Ribbit

Skill      XL: |  1  2  3  4  5  6  7  8  9 |
---------------+----------------------------+-----
Short Blades   | 2 3 4 5 7 8 9 |  9.2
Ice Magic      | 1 2 |  2.8
Hexes          | 5 |  5.0
Conjurations   | 1 |  1.0
Spellcasting   | 3 |  3.0
Fighting       | 1 |  1.3
Stealth        | 5 |  5.4
Dodging        | 4 |  4.2
Armour         | 2 4 |  4.0

Action                   |  1- 3 |  4- 6 |  7- 9 || total
-------------------------+-------+-------+-------++-------
Melee: Dagger            |   174 |   106 |    32 ||   312
       Rapier            |       |       |   192 ||   192
       Unarmed           |       |       |    10 ||    10
 Cast: Corona            |     4 |       |     2 ||     6
       Ensorcelled Hiber |     7 |     5 |    25 ||    37
       Confuse           |       |     1 |     3 ||     4
  Use: Scroll            |     3 |     4 |     4 ||    11
       Potion            |     3 |     5 |     2 ||    10
 Stab: Sleeping          |     7 |    10 |    12 ||    29
       Distracted        |     1 |       |     2 ||     3
       Confused          |       |     2 |     3 ||     5
  Eat: Chunk             |     9 |     5 |    11 ||    25
Armor: Robe              |    33 |    22 |    31 ||    86
       Leather armour    |       |       |     6 ||     6
Dodge: Dodged            |   142 |    66 |   111 ||   319
